 Dungeon Crawl Stone Soup version 0.23-a0-458-g93a6ea9 (webtiles) character file.

1052 Gildeon the Chopper (level 8, 0/68 HPs)
             Began as a Minotaur Fighter on Nov 25, 2018.
             Was a Priest of Zin.
             Slain by a troll (10 damage)
             ... on level 6 of the Dungeon.
             The game lasted 00:14:36 (4869 turns).

Gildeon the Chopper (Minotaur Fighter)              Turns: 4869, Time: 00:14:37

Health: 0/68       AC: 16    Str: 27    XL:     8   Next: 5%
Magic:  7/7        EV:  8    Int:  5    God:    Zin [***...]
Gold:   317        SH: 11    Dex: 11    Spells: 7/7 levels left

rFire    . . .     SeeInvis .   a - +0 war axe
rCold    . . .     Gourm    .   c - +0 shield
rNeg     . . .     Faith    .   l - +4 chain mail
rPois    .         Spirit   .   (helmet restricted)
rElec    .         Reflect  .   (no cloak)
rCorr    +         Harm     .   t - +0 pair of gloves
MR       .....                  b - +0 pair of boots
Stlth    ..........             (no amulet)
HPRegen  0.21/turn              k - ring of resist corrosion
MPRegen  0.10/turn              (no ring)

@: mighty
A: retaliatory headbutt, horns 2
a: Recite, Vitalisation, Imprison, Donate Gold, Renounce Religion


You were on level 6 of the Dungeon.
You worshipped Zin.
Zin was most pleased with you.
You were not hungry.

You visited 2 branches of the dungeon, and saw 7 of its levels.

You collected 352 gold pieces.
You donated 35 gold pieces to Zin.

Inventory:

Hand Weapons
 a - a +0 war axe (weapon)
 q - a +0 flail
Armour
 b - a +0 pair of boots (worn)
 c - a +0 shield (worn)
 l - a +4 chain mail (worn)
 t - a +0 pair of gloves (worn)
Jewellery
 k - a ring of resist corrosion (left hand)
Wands
 m - a wand of disintegration (9)
Scrolls
 e - a scroll of amnesia
 g - a scroll of identify
 h - a scroll of holy word
 i - a scroll of enchant weapon
 n - a scroll of remove curse
 r - 2 scrolls of enchant armour
Potions
 d - 4 potions of might
 j - 3 potions of brilliance
 o - 2 potions of flight
 p - 2 potions of curing
 s - a potion of invisibility
Comestibles
 f - 15 rations
 u - 2 chunks of flesh


   Skills:
 - Level 5.0 Fighting
 * Level 7.5 Axes
 - Level 5.0 Armour
 + Level 4.3 Dodging
 + Level 6.1 Shields


You had 7 spell levels left.
You didn't know any spells.
Your spell library was empty.

Dungeon Overview and Level Annotations

Branches:
Dungeon (6/15)             Temple (1/1) D:5

Altars:
Ashenzari
Cheibriados
Dithmenos
Elyvilon
Fedhas
Gozag
Hepliaklqana
Makhleb
Nemelex Xobeh
Qazlal
Ru
Trog
Vehumet
Xom
Zin
The Shining One

Annotations:
D:6 7 runed doors, Lavandula's ghost, novice OpHu


Innate Abilities, Weirdness & Mutations

You reflexively headbutt those who attack you in melee.
You have a pair of horns on your head.


Message History

* * * LOW HITPOINT WARNING * * *
The troll claws you but does no damage. You block the troll's attack.
You feel very mighty all of a sudden.
You block the troll's attack. x2; The troll barely misses you.
Eat one of 3 chunks of flesh? (ye/n/q)
You eat one of the 3 chunks of flesh.
This raw flesh tastes terrible.
The troll barely misses you. You block the troll's attack.
The troll barely misses you.
You slash the troll! You headbutt the troll!
The troll is severely wounded.
The troll bites you!
* * * LOW HITPOINT WARNING * * *
The troll claws you but does no damage. x2
You completely miss the troll.
The troll is heavily wounded.
The troll bites you.
* * * LOW HITPOINT WARNING * * *
The troll claws you but does no damage. You block the troll's attack.
You feel better. The troll bites you!
You die...

*,***,*8,,,,8#.#########.**#..##.
*,***,**8,,8##.........,,,*#..##.
*,,,,,,*****#........#######...#.
*,,***+* #'###..........#.#.#.
*,**,*,*****#...##...#####.#.#...
*,*,*,**,**,##.#.#.......#.#.##..
*,*,***,,**,#.##.#,..###.#.#.##..
*,*,*,,****,##,#.#,*###......##..
*,*,*,**,**,,**#@#,* #..#.####..
,,**,,,,***#..ZT##,* #..#......>
,,,******,,#####*,,** #.........#
,*,,,,,,,,,,,,,,,,,,**##.####.#..
,*,**********,,,,,,,,,...* #.##.
,*,* **,,,,,,*###** #)... ,*,*
*,,,,,,* #.##. ,*,* *,,,,,,*
#.##. ,*,* *,,,,,,* #.##.


You could see a troll and a jackal zombie.

Vanquished Creatures
  Sigmund (D:2)
  A necrophage (D:6)
  An ogre (D:6)
  2 scorpions
  A quasit (D:5)
  2 centaur skeletons
  A hound (D:4)
  2 orc priests
  2 orc wizards (D:5)
  4 iguanas
  A worker ant (D:5)
  A worker ant zombie (D:6)
  8 adders
  A shadow imp (D:6)
  4 oozes
  2 adder skeletons (D:4)
  An adder zombie (D:6)
  4 worms
  A dart slug (D:1)
  A leopard gecko (D:3)
  20 orcs
  A ball python (D:1)
  9 bats
  7 giant cockroaches
  10 goblins
  5 hobgoblins
  15 jackals
  4 quokkas
  3 frilled lizards
  A giant cockroach zombie (D:5)
  A jackal zombie (D:6)
  12 kobolds
  A leopard gecko skeleton (D:5)
  8 rats
  A bush (D:2)
139 creatures vanquished.

Vanquished Creatures (others)
  A wizard (D:4)
1 creature vanquished.

Grand Total: 140 creatures vanquished

Notes
Turn   | Place    | Note
-------+----------+-------------------------------------------
     0 | D:1      | Gildeon the Minotaur Fighter began the quest for the Orb.
     0 | D:1      | Reached XP level 1. HP: 19/19 MP: 0/0
   192 | D:1      | Reached XP level 2. HP: 27/27 MP: 1/1
   294 | D:1      | Reached skill level 3 in Axes
   832 | D:2      | Reached skill level 1 in Dodging
   943 | D:2      | Reached XP level 3. HP: 33/33 MP: 2/2
  1221 | D:2      | Noticed Sigmund
  1234 | D:2      | Killed Sigmund
  1234 | D:2      | Reached skill level 4 in Axes
  1234 | D:2      | Reached XP level 4. HP: 31/41 MP: 3/3
  1234 | D:2      | Reached XP level 5. HP: 35/47 MP: 4/4
  1862 | D:3      | Reached XP level 6. HP: 7/53 MP: 5/5
  2317 | D:3      | Found a bloodstained altar of Trog.
  2559 | D:3      | Reached skill level 5 in Axes
  2940 | D:4      | Reached skill level 5 in Armour
  2974 | D:4      | Found a shadowy altar of Dithmenos.
  3004 | D:4      | Found a glowing silver altar of Zin.
  3009 | D:4      | Became a worshipper of Zin the Law-Giver
  3009 | D:4      | Reached * piety under Zin
  3098 | D:4      | Reached ** piety under Zin
  3166 | D:4      | Reached skill level 5 in Shields
  3528 | D:4      | Found a bloodstained altar of Trog.
  3529 | D:4      | Noticed a wizard
  3534 | D:4      | Killed a wizard
  3629 | D:5      | Entered Level 5 of the Dungeon
  3646 | D:5      | Reached skill level 5 in Fighting
  3668 | D:5      | Found a staircase to the Ecumenical Temple.
  3678 | Temple   | Entered the Ecumenical Temple
  4004 | D:5      | Reached XP level 7. HP: 57/61 MP: 6/6
  4014 | D:5      | Reached skill level 6 in Axes
  4237 | D:5      | Found a burning altar of Makhleb.
  4237 | D:5      | Noticed an Executioner
  4253 | D:5      | Noticed a hellwing
  4253 | D:5      | Noticed a smoke demon
  4679 | D:6      | Found a runed gate.
  4680 | D:6      | Found a runed gate.
  4680 | D:6      | Found a runed gate.
  4689 | D:6      | Noticed Lavandula's ghost (novice OpHu)
  4713 | D:6      | Reached skill level 7 in Axes
  4794 | D:6      | Reached *** piety under Zin
  4820 | D:6      | Found a large runed door.
  4820 | D:6      | Found a large runed door.
  4823 | D:6      | Found a large runed door.
  4823 | D:6      | Found a large runed door.
  4841 | D:6      | Reached XP level 8. HP: 67/68 MP: 7/7
  4852 | D:6      | Noticed a troll
  4869 | D:6      | Slain by a troll

Vault maps used:
D:1:      dpeg_arrival_windows_large_door
D:2:      serial_forest, infiniplex_forest_clump_C,
          infiniplex_forest_clump_large, infiniplex_forest_clump_C,
          infiniplex_forest_clump_tiny, infiniplex_forest_lined_2,
          infiniplex_forest_lined_1, infiniplex_forest_clump_curved,
          first_ration, grunt_ministairs_11, uniq_sigmund
D:3:      nicolae_overflow_crystal_walls
D:4:      lemuel_coloured_pillars_altar, kennysheep_little_box, trog_wizard
D:5:      minmay_temple_entry_large_hall, chequers_serial_rivers_small_b,
          makhleb_altar_promises_db
D:6:      gammafunk_ghost_cemetery, hangedman_decor_points,
          minmay_hollow_rounded_squares
Temple:   minmay_temple_forest_path

Skill      XL: |  1  2  3  4  5  6  7 |
---------------+----------------------+-----
Axes           | 3 4 5 7 |  7.5
Dodging        | 1 2 3 4 |  4.3
Armour         | 4 5 |  5.0
Fighting       | 4 5 |  5.0
Shields        | 4 5 6 |  6.1

Action                   |  1- 3 |  4- 6 |  7- 9 || total
-------------------------+-------+-------+-------++-------
Melee: War axe           |    72 |   240 |   101 ||   413
       Headbutt          |     9 |    34 |    29 ||    72
  Use: Scroll            |     1 |    13 |     5 ||    19
       Potion            |       |       |     3 ||     3
  Eat: Chunk             |     1 |     9 |     3 ||    13
Armor: Scale mail        |    33 |       |       ||    33
       Chain mail        |    28 |   130 |    54 ||   212
Dodge: Dodged            |    28 |    59 |    44 ||   131
Block: Shield            |    42 |   126 |    64 ||   232

Table legend:
 A = Non-vault XP
 B = Vault XP
 C = Vault XP percentage of total XP
 D = Non-vault monster count
 E = Vault monster count
 F = Vault count percentage of total count
                 A         B        C        D         E       F
            +---------+---------+-------+---------+---------+-------
      Total |    1193 |     310 |  20.6 |     132 |       6 |   4.3
            +---------+---------+-------+---------+---------+-------
        D:1 |      36 |       0 |   0.0 |      21 |       0 |   0.0
        D:2 |      49 |     227 |  82.2 |      18 |       3 |  14.3
        D:3 |     172 |       0 |   0.0 |      42 |       0 |   0.0
        D:4 |     179 |       0 |   0.0 |      21 |       0 |   0.0
        D:5 |     374 |       0 |   0.0 |      22 |       0 |   0.0
        D:6 |     383 |      83 |  17.8 |       8 |       3 |  27.3
            +---------+---------+-------+---------+---------+-------
